 Dungeon Crawl Stone Soup version 0.22.0 (webtiles) character file.

276 MirrMurr the Cudgeler (level 6, -6/37 HPs)
             Began as a Gargoyle Gladiator on Aug 11, 2018.
             Was an Initiate of Okawaru.
             Killed by divine providence
             ... invoked by an orc priest
              (14 damage)
             ... on level 4 of the Dungeon.
             The game lasted 00:07:13 (3097 turns).

MirrMurr the Cudgeler (Gargoyle Gladiator)          Turns: 3097, Time: 00:07:13

Health: -6/37      AC: 16    Str: 20    XL:     6   Next: 25%
Magic:  6/6        EV:  8    Int:  8    God:    Okawaru [......]
Gold:   160        SH:  4    Dex: 11    Spells: 5/5 levels left

rFire    + . .     SeeInvis .   a - +0 whip (elec)
rCold    . . .     Gourm    .   v - +0 buckler
rNeg     + . .     Faith    .   B - +0 chain mail (curse)
rPois    ∞         Spirit   .   c - +0 helmet
rElec    +         Reflect  .   (no cloak)
rCorr    .         Harm     .   u - +0 pair of gloves
MR       .....                  q - +0 pair of boots
Stlth    ..........             (no amulet)
HPRegen  0.12/turn              m - ring of protection from fire
MPRegen  0.10/turn              (no ring)

@: no status effects
A: negative energy resistance 1, electricity resistance, unbreathing,
petrification resistance, rot immunity, AC +4
a: Renounce Religion


You were on level 4 of the Dungeon.
You worshipped Okawaru.
Okawaru was noncommittal.
You were not hungry.

You visited 2 branches of the dungeon, and saw 5 of its levels.

You collected 160 gold pieces.

Inventory:

Hand Weapons
 a - a +0 whip of electrocution (weapon)
 b - a +0 hunting sling
 o - a +0 flail
Missiles
 d - 3 throwing nets {!f}
 e - 52 bolts
 h - 64 stones
 l - 3 javelins (quivered)
 p - 5 poisoned needles
 C - 3 curare-tipped needles
 G - 28 sling bullets
Armour
 c - a +0 helmet (worn)
 q - a +0 pair of boots (worn)
 u - a +0 pair of gloves (worn)
 v - a +0 buckler (worn)
 B - a cursed +0 chain mail (worn)
Jewellery
 j - an uncursed amulet of regeneration {unknown}
 m - a ring of protection from fire (left hand)
Wands
 E - a wand of digging (13)
Scrolls
 g - a scroll of amnesia
 i - 2 scrolls of teleportation
 s - a scroll of remove curse {unknown}
 x - a scroll of enchant weapon {unknown}
 y - a scroll of blinking {unknown}
Potions
 k - a potion of resistance {unknown}
 n - 2 potions of curing
 r - a potion of flight {unknown}
 t - 2 potions of haste
 w - a potion of brilliance {unknown}
 z - a potion of lignification {unknown}
 A - a potion of agility
 D - a potion of heal wounds {unknown}
Comestibles
 f - 8 rations
 F - 5 chunks of flesh


   Skills:
 + Level 3.6 Fighting
 * Level 4.7 Maces & Flails
 + Level 2.7 Throwing
 + Level 2.5 Armour
 - Level 2.4 Dodging
 + Level 1.6 Shields


You had 5 spell levels left.
You didn't know any spells.
Your spell library was empty.

Dungeon Overview and Level Annotations

Branches:
Dungeon (4/15)             Temple (1/1) D:4

Altars:
Elyvilon
Gozag
Hepliaklqana
Kikubaaqudgha
Makhleb
Okawaru
Qazlal
Ru
Sif Muna
The Shining One

Annotations:
D:4 Ijyb


Innate Abilities, Weirdness & Mutations

You are resistant to torment.
Your stone body is resilient. (AC +4)
You are immune to poison.
You resist negative energy. (rN+)
You are resistant to electric shocks. (rElec)
You can survive without breathing.
You are immune to petrification.
You are immune to rotting.


Message History

Pain shoots through your body!
The orc wizard gestures wildly while chanting.
The orc wizard flickers and vanishes!
Deactivating autopickup; reactivate with Ctrl-A.
Ijyb zaps a wand.
You resist with some effort.
It is a wand of polymorph (8).
An orc priest comes into view. It is wielding a short sword.
You hear the crackle of electricity.
a - a +0 whip of electrocution (weapon)
The orc priest shouts!
The orc priest invokes the aid of Beogh against you.
Beogh smites you!
The orc priest begins to cast a cantrip, but forgets the words!
The orc priest invokes the aid of Beogh against you.
Beogh smites you!
* * * LOW HITPOINT WARNING * * *
The orc priest calls upon Beogh to heal the orc priest.
The orc priest's wounds heal themselves!
The orc priest calls down the wrath of Beogh upon you.
Beogh smites you!
You die...

..#.###.#.###..#.#
...............#.#
#.#.#####..###.#.#
.........>.....#.#
#.#.###..#.#####.#
#.#.# #..#.# #.#
#.#.# #..#.# #.#
..#.# #..#.# #.#
###.# #..#.# #@# #
#.# #..#.# #.# #
#. #..#.# #.# #
...... #.# .. #.#
## ##.# #.o# #.##
#g#


You could see an orc priest.

Vanquished Creatures
  A phantom (D:4)
  A hound (D:3)
  2 worker ants (D:4)
  5 adders
  A worm (D:2)
  3 dart slugs
  2 leopard geckos
  An orc (D:4)
  2 giant cockroaches (D:2)
  5 goblins
  6 hobgoblins
  2 jackals (D:3)
  A quokka (D:2)
  3 ball pythons
  6 bats
  5 frilled lizards
  8 kobolds
  9 rats
63 creatures vanquished.

Notes
Turn   | Place    | Note
-------+----------+-------------------------------------------
     0 | D:1      | MirrMurr the Gargoyle Gladiator began the quest for the Orb.
     0 | D:1      | Reached XP level 1. HP: 12/12 MP: 1/1
   113 | D:1      | Reached XP level 2. HP: 18/18 MP: 2/2
   552 | D:1      | Reached skill level 1 in Armour
   876 | D:1      | Reached XP level 3. HP: 21/22 MP: 3/3
  1181 | D:2      | Found a deep blue altar of Sif Muna.
  1296 | D:2      | Found a faded altar of an unknown god.
  1331 | D:2      | Reached XP level 4. HP: 24/27 MP: 4/4
  1398 | D:2      | Reached skill level 4 in Maces & Flails
  2500 | D:3      | Reached XP level 5. HP: 32/32 MP: 5/5
  2812 | D:4      | Reached skill level 1 in Shields
  2816 | D:4      | Found a staircase to the Ecumenical Temple.
  2819 | D:4      | Noticed a phantom
  2823 | Temple   | Entered the Ecumenical Temple
  2941 | Temple   | Became a worshipper of Warmaster Okawaru
  2975 | D:4      | Killed a phantom
  2975 | D:4      | Reached XP level 6. HP: 33/37 MP: 6/6
  3087 | D:4      | Noticed Ijyb
  3097 | D:4      | Killed from afar by an orc priest

Skill      XL: |  1  2  3  4  5 |
---------------+----------------+-----
Armour         | 1 2 |  2.5
Throwing       | 2 |  2.7
Fighting       | 3 |  3.6
Maces & Flails | 4 |  4.7
Shields        | 1 |  1.6
Dodging        | |  2.4

Action                   |  1- 3 |  4- 6 || total
-------------------------+-------+-------++-------
Melee: Flail             |    54 |       ||    54
       Whip              |    48 |    74 ||   122
 Fire: Hunting sling     |       |    44 ||    44
  Use: Scroll            |     3 |     4 ||     7
  Eat: Chunk             |     1 |     6 ||     7
Armor: Leather armour    |    54 |     8 ||    62
       Chain mail        |       |    28 ||    28
Dodge: Dodged            |    83 |    33 ||   116
Block: Buckler           |       |     9 ||     9
